[Event "ROU-ch Women 2018"]
[Site "Olanesti"]
[Date "2018.05.20"]
[Round "7"]
[White "Cosma, Elena-Luminita"]
[Black "Sandu, Mihaela"]
[Result "0-1"]
[ECO "A46"]
[WhiteElo "2331"]
[BlackElo "2258"]
[Annotator "NA"]
[PlyCount "125"]
[EventDate "2018.??.??"]
[EventType "swiss"]
[EventCountry "ROU"]
[SourceTitle "playchess.com"]
[Source "ChessBase"]
[SourceQuality "1"]
[TimeControl "40/5400+30:1800+30"]

1. d4 Nf6 2. Nf3 e6 3. g3 d5 4. Bg2 b5 5. O-O Bb7 6. c3 {[%emt 0:00:10] A46: 1 d4 Nf6 2 Nf3 e6: Torre, London and Colle Systems} Nbd7 7. Bg5 (7. a4 b4 8. a5 Rb8 9. Bf4 Ba6 10. Qc2 Be7 11. cxb4 Rxb4 12. Nc3 O-O 13. Na2 Rb7 14. Rfc1 {½-½ (14) Banusz,T (2616)-Nabaty,T (2640) Zalakaros 2017}) 7... h6 8. Bxf6 Qxf6 $146 ({Predecessor:} 8... Nxf6 9. Qd3 a6 10. b4 Nd7 11. a4 bxa4 12. Rxa4 c6 13. Ra5 {½-½ (46) Hladecek,M (2416)-Bucek,J (2412) ICCF email 2010}) 9. a4 c6 10. Qd3 a6 11. Nbd2 Be7 12. e4 Qg6 13. Qe2 b4 14. a5 O-O 15. Rfc1 Rac8 16. Ne1 Rfe8 17. Nd3 c5 18. cxb4 cxd4 19. exd5 exd5 20. Rxc8 Bxc8 21. Nf4 Qd6 22. Nxd5 Nf6 23. Nc4 Qd8 24. Nxe7+ Rxe7 25. Qd3 Bg4 26. Ne3 Qd6 27. Rc1 g6 28. Rc4 Rd7 29. Rc6 Qe7 30. Nxg4 Nxg4 31. Bh3 Ne5 32. Rc8+ Kg7 33. Qd1 Rd6 34. Bg2 (34. f4 $11 Nc6 35. Qd2) 34... h5 35. h3 d3 36. Qd2 Qf6 37. f4 Nd7 38. Kh2 h4 39. g4 Rd4 40. Rc6 Qe7 41. Qc3 Qxb4 42. Qxb4 Rxb4 43. Rd6 Nc5 44. Rd5 {[%emt 0:00:50] [#]} Ne6 $1 45. Rxd3 Rxb2 46. Rf3 {[%emt 0:00:05] [#]} Ra2 $1 47. f5 Nc5 48. fxg6 fxg6 49. Kg1 Rxa5 50. Rf1 Ne6 51. Rd1 Nf4 52. Bf1 Ra3 53. Kh2 Ra2+ 54. Kg1 g5 55. Rd6 a5 56. Ra6 a4 $19 57. Bc4 Nxh3+ 58. Kf1 Ra1+ 59. Ke2 Nf4+ 60. Ke3 h3 61. Ra7+ Kf6 62. Rh7 a3 63. Kd4 0-1

[Event "ROU-ch Women 2018"]
[Site "Olanesti"]
[Date "2018.05.20"]
[Round "7"]
[White "Sgircea, Silvia-Raluca"]
[Black "Dragomirescu, Angela"]
[Result "1/2-1/2"]
[ECO "A22"]
[WhiteElo "2198"]
[BlackElo "2272"]
[Annotator "NA"]
[PlyCount "87"]
[EventDate "2018.??.??"]
[EventType "swiss"]
[EventCountry "ROU"]
[SourceTitle "playchess.com"]
[Source "ChessBase"]
[SourceQuality "1"]
[TimeControl "40/5400+30:1800+30"]

1. c4 e5 2. Nc3 Bb4 3. g3 Nf6 4. Bg2 O-O 5. Nf3 Re8 6. O-O c6 7. d3 d5 {[%emt 0:19:27] A22: English Opening: 1...e5 2 Nc3 Nf6} (7... h6 8. Bd2 Bf8 9. e4 d5 10. exd5 cxd5 11. Nxd5 Nxd5 12. cxd5 Qxd5 13. Bc3 Qd6 14. d4 exd4 15. Nxd4 {1-0 (31) Laznicka,V (2657)-Sethuraman,S (2623) Grosseto Prugna 2015}) 8. Qb3 $146 ({Predecessor:} 8. cxd5 cxd5 9. Bg5 Bxc3 10. bxc3 h6 11. Bxf6 Qxf6 12. Qb3 Rd8 13. Nd2 Qe6 14. c4 dxc4 15. Nxc4 Nc6 16. Qb2 Re8 17. Rac1 Bd7 18. Qxb7 {0-1 (42) Bitalzadeh,A (2363)-Weidemann,C (2297) Germany 2015}) 8... Bf8 9. cxd5 Nxd5 10. Bd2 Na6 11. a3 Nc5 12. Qc2 Ne6 13. b4 Nd4 14. Nxd4 Nxc3 15. Bxc3 exd4 16. Bb2 a5 17. Qc4 Rxe2 18. Bxd4 Be6 19. Qc3 Bd5 20. Be3 Bxg2 21. Kxg2 Qd5+ 22. Kg1 Re8 23. Bb6 h5 24. bxa5 h4 25. Qc4 hxg3 26. Qxd5 gxh2+ 27. Kxh2 cxd5 28. Kg2 Bd6 29. Rfc1 Rd2 30. Bc7 Bxc7 31. Rxc7 Ree2 32. Rxb7 Rxf2+ 33. Kg3 Rfe2 34. Rb3 Re3+ 35. Kf4 d4 36. Rb8+ Kh7 37. Rh1+ Kg6 38. Rg1+ Kf6 39. Rb6+ Re6 40. Rxe6+ fxe6 41. Ke4 Ra2 42. Rf1+ Ke7 43. Rg1 Kf6 44. Rf1+ {[%emt 0:00:11] Ke5+} 1/2-1/2

[Event "ROU-ch Women 2018"]
[Site "Olanesti"]
[Date "2018.05.20"]
[Round "7"]
[White "Cosman, Andreea-Marioara"]
[Black "Ciocan, Maria-Alexandra"]
[Result "1/2-1/2"]
[ECO "A81"]
[WhiteElo "2130"]
[BlackElo "2021"]
[Annotator "NA"]
[PlyCount "53"]
[EventDate "2018.??.??"]
[EventType "swiss"]
[EventCountry "ROU"]
[SourceTitle "playchess.com"]
[Source "ChessBase"]
[SourceQuality "1"]
[TimeControl "40/5400+30:1800+30"]

1. d4 f5 2. g3 g6 3. Bg2 Nf6 4. Nf3 Bg7 5. O-O O-O 6. c4 d6 7. Nc3 Qe8 8. Re1 e5 9. dxe5 dxe5 10. e4 Nc6 11. Be3 h6 $14 (11... f4 $1 $11 12. gxf4 Bg4) 12. Nd5 Qf7 13. Bc5 Re8 14. Nxf6+ Qxf6 15. b4 Be6 16. Rc1 Rad8 17. Qe2 b6 18. b5 bxc5 19. bxc6 f4 20. gxf4 Qxf4 21. Qe3 Qxe3 22. Rxe3 Rd6 23. Ra3 Ra8 24. Ra5 Rxc6 25. Ne1 Rd8 26. Rxa7 Rd4 27. Bf1 1/2-1/2

[Event "ROU-ch Women 2018"]
[Site "Olanesti"]
[Date "2018.05.20"]
[Round "7"]
[White "Lehaci, Miruna-Daria"]
[Black "Ciolacu, Alessia-Mihaela"]
[Result "0-1"]
[ECO "C65"]
[WhiteElo "1905"]
[BlackElo "1843"]
[Annotator "NA"]
[PlyCount "42"]
[EventDate "2018.??.??"]
[EventType "swiss"]
[EventCountry "ROU"]
[SourceTitle "playchess.com"]
[Source "ChessBase"]
[SourceQuality "1"]
[TimeControl "40/5400+30:1800+30"]

1. e4 e5 2. Nf3 Nc6 3. Bb5 Nf6 4. d3 Bc5 5. Nc3 O-O 6. O-O Re8 7. Bg5 Nd4 8. Nxd4 Bxd4 9. Nd5 c6 10. Nxf6+ gxf6 11. Bh6 Kh8 12. Ba4 Rg8 13. c3 Bb6 14. Qh5 d5 15. Bd1 Be6 16. Kh1 Rg6 17. f4 Be3 18. Qh4 dxe4 19. dxe4 Bc4 20. Rf3 Qd2 21. Rxe3 Qxg2# 0-1

[Event "ROU-ch Women 2018"]
[Site "Olanesti"]
[Date "2018.05.20"]
[Round "7"]
[White "Pancu, Aureliana-Eugenia"]
[Black "Panainte, Andreea-Bianca"]
[Result "0-1"]
[ECO "A05"]
[WhiteElo "1852"]
[BlackElo "1894"]
[Annotator "NA"]
[PlyCount "134"]
[EventDate "2018.??.??"]
[EventType "swiss"]
[EventCountry "ROU"]
[SourceTitle "playchess.com"]
[Source "ChessBase"]
[SourceQuality "1"]
[TimeControl "40/5400+30:1800+30"]

1. Nf3 Nf6 2. g3 d5 3. d4 e6 4. Bg2 c5 5. O-O Nc6 6. b3 cxd4 7. Nxd4 e5 {[%emt 0:00:36] D02: 1 d4 d5 2 Nf3 sidelines, including 2...Nf6 3 g3 and 2...Nf6 3 Bf4} (7... Be7 8. Bb2 O-O 9. Nxc6 bxc6 10. c4 a5 11. Nc3 Ba6 12. Qc2 dxc4 13. Rfd1 cxb3 14. axb3 Qc7 15. Na4 Bb5 16. Bd4 Rad8 {0-1 (35) Pelletier,Y (2529)-Harikrishna,P (2737) Biel 2017}) 8. Nxc6 bxc6 9. Bb2 Bd6 10. c4 Bb7 11. Qc2 $146 ({Predecessor:} 11. cxd5 cxd5 12. Nc3 Qa5 13. a3 Rd8 14. b4 Qb6 15. Nxd5 Bxd5 16. Bxd5 Nxd5 17. Qxd5 {1-0 (39) Lainburg,V (2173)-Hellwege,W (1996) Bad Neuenahr 2014}) 11... Qe7 12. Nd2 O-O 13. Rac1 e4 14. e3 Nd7 15. Rce1 Nc5 16. Ba3 Nd3 17. Bxd6 Qxd6 18. Rd1 f5 19. Nb1 g5 20. f4 gxf4 21. gxf4 Rf6 22. Rxd3 exd3 23. Qxd3 dxc4 24. Qxc4+ Qe6 25. Qc1 Rg6 26. Kh1 Re8 27. Re1 Qf6 28. Nd2 Qg7 29. Bf3 Kh8 30. Qc5 Rg8 31. e4 fxe4 32. Nxe4 Re8 33. Rd1 Rg8 34. f5 Rh6 35. Qd4 Qxd4 36. Rxd4 Rh3 37. Bg2 Re3 38. Rd1 Re2 39. Ng3 Rxa2 40. Kg1 h5 41. Rd6 Re8 42. Be4 h4 43. Rh6+ Kg7 44. Rxh4 Rd8 45. Rf4 Rd1+ 46. Nf1 Kf6 47. Bf3 Rb1 48. Rc4 $19 Raa1 49. Be2 Rxb3 50. Rc5 Rb2 51. Kf2 a5 52. Ng3 Rb4 53. Nh5+ Kf7 54. Bc4+ Kf8 55. Nf4 Rc1 56. Ng6+ Kg7 57. Ne5 a4 58. Ke3 a3 59. Kd2 Rcxc4 60. Nxc4 a2 61. Ra5 Rxc4 62. Rxa2 Kf6 63. Ra5 Rh4 64. Ke3 Rxh2 65. Kd4 Rb2 66. Kc4 Bc8 67. Kc3 Rb5 0-1

[Event "ROU-ch Women 2018"]
[Site "Olanesti"]
[Date "2018.05.21"]
[Round "8"]
[White "Panainte, Andreea-Bianca"]
[Black "Coman, Emilia-Florentina"]
[Result "1/2-1/2"]
[ECO "C14"]
[WhiteElo "1894"]
[BlackElo "1869"]
[Annotator "NA"]
[PlyCount "59"]
[EventDate "2018.??.??"]
[EventType "swiss"]
[EventCountry "ROU"]
[SourceTitle "playchess.com"]
[Source "ChessBase"]
[SourceQuality "1"]
[TimeControl "40/5400+30:1800+30"]

1. e4 e6 2. d4 d5 3. Nc3 Nf6 4. Bg5 Be7 5. e5 Nfd7 6. Bxe7 Qxe7 7. f4 a6 8. Nf3 c5 9. Qd2 Nc6 10. dxc5 Nxc5 11. Bd3 Nxd3+ 12. cxd3 O-O 13. d4 b5 14. O-O Bd7 15. b3 Na7 16. Qd3 h6 17. f5 f6 18. Nh4 Be8 19. fxe6 Qxe6 20. exf6 Rxf6 21. Rae1 Rxf1+ 22. Qxf1 Qf7 23. Nf5 Nc6 24. Nd6 Qxf1+ 25. Kxf1 Bh5 26. h3 b4 27. Nxd5 Rd8 28. Re6 Nxd4 29. Re4 Nc6 30. Re1 1/2-1/2

[Event "ROU-ch Women 2018"]
[Site "Olanesti"]
[Date "2018.05.22"]
[Round "9"]
[White "Panainte, Andreea-Bianca"]
[Black "Dragomirescu, Angela"]
[Result "0-1"]
[ECO "B09"]
[WhiteElo "1894"]
[BlackElo "2272"]
[Annotator "NA RC"]
[PlyCount "58"]
[EventDate "2018.??.??"]
[EventType "swiss"]
[EventCountry "ROU"]
[SourceTitle "playchess.com"]
[Source "ChessBase"]
[SourceQuality "1"]
[TimeControl "40/5400+30:1800+30"]

1. e4 d6 2. d4 Nf6 3. Nc3 g6 4. f4 Bg7 5. Nf3 O-O 6. Bd3 Na6 7. O-O c5 8. e5 Nd7 9. Ne4 cxd4 10. exd6 Nac5 11. dxe7 Qxe7 12. Re1 Nxd3 13. cxd3 Nb6 14. Qc2 Qd8 15. Qf2 Nd5 16. Bd2 Qb6 17. b3 Be6 18. Ne5 Rac8 19. Nc4 Qa6 20. h3 Rfd8 21. a4 Ne3 22. Rec1 Bd5 23. Qh4 Nxg2 24. Qg5 Ne3 25. Ncd6 Rxc1+ 26. Rxc1 f6 27. Qg3 Bxe4 28. Nxe4 Qxd3 29. Qf2 Qxe4 0-1

[Event "ROU-ch Women 2018"]
[Site "Olanesti"]
[Date "2018.05.22"]
[Round "9"]
[White "Pancu, Aureliana-Eugenia"]
[Black "Schiopu, Andreea-Alexandra"]
[Result "0-1"]
[ECO "A06"]
[WhiteElo "1852"]
[BlackElo "1765"]
[Annotator "NA RC"]
[PlyCount "124"]
[EventDate "2018.??.??"]
[EventType "swiss"]
[EventCountry "ROU"]
[SourceTitle "playchess.com"]
[Source "ChessBase"]
[SourceQuality "1"]
[TimeControl "40/5400+30:1800+30"]

1. Nf3 d5 2. d4 e6 3. g3 c5 4. Bg2 Nc6 5. O-O Nf6 6. b3 Be7 7. Bb2 O-O 8. e3 b6 9. Nbd2 Ba6 10. Re1 Rc8 11. Ne5 cxd4 12. Nxc6 Rxc6 13. exd4 Qd7 14. a3 Rfc8 15. Rc1 R6c7 16. Nf3 b5 17. Ne5 Qd8 18. b4 Nd7 19. Nd3 Nb6 20. Nc5 Bb7 21. Qd3 Nc4 22. Rb1 a5 23. Bc1 axb4 24. axb4 Ra8 25. Qe2 Bc8 26. Bf1 Ra2 27. Qd1 Rca7 28. Bd3 Bf6 29. c3 Ra1 30. Rxa1 Rxa1 31. Qe2 Bg5 32. f4 Be7 33. Be3 Rxe1+ 34. Qxe1 h6 35. Kf2 f6 36. Bc1 Kf7 37. Qe2 g6 38. h4 h5 39. Qc2 f5 40. Qa2 Bxh4 41. Kf3 Bf6 42. Be3 h4 43. Qg2 Qh8 44. Bxc4 dxc4 45. Qh3 hxg3 46. Qxh8 Bxh8 47. Kxg3 Kg7 48. Kf3 Kh6 49. Bf2 Bf6 50. Be3 Kh5 51. Bc1 Kh4 52. Bd2 Kh3 53. Be3 Be7 54. Bc1 Bh4 55. Bd2 Bg3 56. Bc1 Be1 57. Bb2 Bd2 58. Ne4 Bb7 59. Ke2 Bxf4 60. Nf2+ Kg2 61. Nd1 Bf3+ 62. Ke1 Bxd1 0-1